 Dungeon Crawl Stone Soup version 0.20.1-1-g8b1a95d (webtiles) character file.

53 Reeggar the Covered (level 3, 0/19 HPs)
             Began as a Vine Stalker Fighter on Oct 17, 2017.
             Succumbed to an adder's poison
             ... on level 2 of the Dungeon.
             The game lasted 00:05:24 (1661 turns).

Reeggar the Covered (Vine Stalker Fighter)          Turns: 1661, Time: 00:05:25

Health: 0/19       AC:  6    Str: 18    XL:     3   Next: 89%
Magic:  4/4        EV:  7    Int:  9    God:
Gold:   125        SH:  9    Dex: 13    Spells: 2/2 levels left

rFire    . . .     SeeInvis .   a - +0 war axe
rCold    . . .     Gourm    .   c - +0 shield
rNeg     . . .     Faith    .   b - +0 scale mail
rPois    .         Spirit   +   (no helmet)
rElec    .         Reflect  .   (no cloak)
rCorr    .         Harm     .   (no gloves)
MR       .....                  (no boots)
Stlth    ..........             (no amulet)
Regen    0.1/turn               (no ring)
MPRegen  0.1/turn               (no ring)

@: lethally poisoned (0 -> -7)
A: fangs 2, magic shield, antimagic bite, no potion heal 3, rot immunity
a: no special abilities


You were on level 2 of the Dungeon.
You were hungry.

You visited 1 branch of the dungeon, and saw 2 of its levels.

You collected 125 gold pieces.

Inventory:

Hand Weapons
 a - a +0 war axe (weapon)
Armour
 b - a +0 scale mail (worn)
 c - a +0 shield (worn)
 s - a +1 ring mail of fire resistance
Jewellery
 q - an uncursed amulet of regeneration {unknown}
Scrolls
 j - a scroll of magic mapping {unknown}
 k - a scroll of teleportation
 l - a scroll of amnesia {unknown}
 m - 4 scrolls of identify {unknown}
Potions
 d - a potion of might
 e - a potion of agility {unknown}
 h - a potion of lignification {unknown}
 n - a potion of ambrosia {unknown}
 o - a potion of haste {unknown}
 r - a potion of mutation {unknown}
Comestibles
 f - 2 bread rations
 g - a royal jelly
 i - 2 chunks of flesh
 p - 4 fruits


   Skills:
 + Level 2.9 Fighting
 + Level 2.1 Axes
 + Level 3.0 Armour
 + Level 0.5 Dodging
 + Level 3.0 Shields


You had 2 spell levels left.
You didn't know any spells.

Dungeon Overview and Level Annotations

Branches:
Dungeon (2/15)

Altars:


Innate Abilities, Weirdness & Mutations

You have extremely sharp teeth.
When hurt, damage is shared between your health and your magic reserves.
Your bite disrupts and absorbs the magic of your enemies.
Potions cannot restore your health.
You are immune to rotting.


Message History

The adder is almost dead.
You are feeling hungry.
* * * LOW HITPOINT WARNING * * *
You feel sick. You block the adder's attack. The adder barely misses you.
Your shield and scale mail prevent you from hitting the adder.
Your bite misses the adder.
The adder is almost dead.
* * * LOW HITPOINT WARNING * * *
You feel sick. You block the adder's attack. x2
You closely miss the adder. You bite the adder. You drain its power.
You feel invigorated.
The adder is almost dead.
* * * LOW HITPOINT WARNING * * *
You feel sick. The adder barely misses you.
The adder bites you but does no damage.
You slash the adder!
You kill the adder!
* * * LOW HITPOINT WARNING * * *
You feel sick.
You die...

.......#.###....# ##
....##.#.######.######..##.
...........................
.......############)#......
.......### #รท###..#$
.........### ##..##....
...........#######........#
...............##..........
........#.#.##..@..........
........#.#..##............
....)...#..#.#.............
.............................
.............................
.........#...................
.............................
..........>..................
#####.<..##..................


There were no monsters in sight!

Vanquished Creatures
  2 adders (D:2)
  A worm (D:2)
  4 goblins
  6 hobgoblins
  9 bats
  4 frilled lizards
  3 kobolds
  4 rats
  4 toadstools (D:1)
37 creatures vanquished.

Notes
Turn   | Place    | Note
-------+----------+-------------------------------------------
     0 | D:1      | Reeggar the Vine Stalker Fighter began the quest for the Orb.
     0 | D:1      | Reached XP level 1. HP: 11/11 MP: 2/2
   570 | D:1      | Reached XP level 2. HP: 16/16 MP: 3/3
   961 | D:2      | Reached XP level 3. HP: 5/19 MP: 1/4
  1661 | D:2      | Succumbed to an adder's poison

Skill      XL: |  1  2  3 |
---------------+----------+-----
Axes           | 2 |  2.1
Shields        | 3 |  3.0
Armour         | 3 |  3.0
Fighting       | |  2.9
Dodging        | |  0.5

Action                   || total
-------------------------++-------
Melee: War axe           ||   101
       Bite              ||    23
  Use: Scroll            ||     3
  Eat: Chunk             ||     2
Armor: Scale mail        ||    70
Dodge: Dodged            ||    55
Block: Shield            ||    88
